Map: Star Crafts Mod

Players

Tonychopper - Winner!

  • Race: Zerg Zerg
  • Spawn Location: 3:00

Player 2

  • Race: Zerg Zerg
  • Spawn Location: 6:00

VOD

Have the link to the VOD?

Description

Time

  • Played on: July 11, 2017, 4:26 p.m.
  • Length: 12:33
Show
View Real Time Build Order
Export as new Build Order

Tonychopper Zerg - Winner!

Build Orders: Pool First 

Get SALT Encoding   

  12  0:02  Drone  
  13  0:12  Overlord  
  13  0:18  Drone  
  14  0:40  Drone x2  
  16  0:45  Extractor  
  16  0:46  Spawning Pool  
  15  0:54  Drone  
  15  0:56  Drone, Spawning Pool  
  16  1:03  Drone  
  17  1:12  Drone  
  18  1:34  Hatchery  
  17  1:44  Queen  
  17  1:46  Zergling x2  
  20  1:52  Zergling x2  
  20  1:54  Zergling x2  
  22  2:21  Overlord  
  22  2:56  Queen  
  22  2:57  Drone  
  25  3:01  Lair  
  25  3:06  Roach Warren  
  24  3:17  Evolution Chamber  
  23  3:21  Extractor  
  23  3:22  Drone x6  
  23  3:24  Drone  
  23  3:25  Drone x2  
  31  3:46  Zerg Melee Weapons Level 1  
  31  3:50  Metabolic Boost  
  31  4:00  Drone  
  31  4:01  Drone x2  
  34  4:18  Roach  
  36  4:28  Hydralisk Den  
  36  4:37  Hydralisk Den  
  35  4:42  Overlord  
  35  4:43  Drone  
  36  5:01  Spore Crawler  
  36  5:04  Spore Crawler  
  34  5:08  Zergling x2  
  34  5:10  Roach x4  
  34  5:12  Overlord  
  34  5:13  Overlord  
  43  5:15  Drone  
  44  5:22  Glial Reconstitution  
  44  5:31  Extractor  
  43  5:40  Zerg Missile Weapons Level 1  
  43  5:46  Spore Crawler  
  42  6:01  Spore Crawler  
  41  6:04  Drone x3  
  41  6:05  Drone x2  
  41  6:06  Roach x5  
  41  6:09  Roach x2  
  60  6:58  Spore Crawler  
  59  7:06  Overlord  
  59  7:07  Overlord  
  59  7:13  Spore Crawler  
  58  7:22  Tunneling Claws  
  58  7:27  Burrow  
  58  7:34  Zerg Ground Armor Level 1  
  58  7:35  Hydralisk x4  
  66  7:37  Hydralisk  
  66  7:40  Zergling x6  
  66  7:41  Zergling x10  
  76  7:51  Overlord  
  76  7:53  Overlord  
  76  8:26  Hydralisk  
  78  8:32  Hydralisk  
  78  8:33  Hydralisk x4  
  88  8:36  Hydralisk  
  90  8:49  Hydralisk  
  92  8:59  Overlord  
  92  9:18  Hydralisk x3  
  92  9:19  Hydralisk  
  92  9:20  Overlord  
  100  9:24  Overlord  
  100  9:28  Zerg Melee Weapons Level 2  
  100  9:42  Unknown  
  98  9:48  Hydralisk x4  
  104  9:53  Drone  
  104  9:55  Drone  
  104  10:19  Hydralisk x3  
  109  10:22  Zergling x6  
  110  10:31  Hydralisk  
  107  10:58  Hydralisk x2  
  107  10:59  Hydralisk x2  
  107  11:02  Hydralisk  
  115  11:08  Roach  
  115  11:21  Hydralisk  
  115  11:24  Overlord x2  
Show
View Real Time Build Order
Export as new Build Order

Player 2 Zerg 

Build Orders: Hatch First 

Get SALT Encoding   

  12  0:00  Drone  
  13  0:12  Overlord  
  13  0:17  Drone  
  14  0:30  Drone x2  
  14  0:34  Drone  
  17  0:53  Hatchery  
  17  0:55  Drone  
  17  1:11  Spawning Pool  
  16  1:12  Extractor, Drone  
  16  1:16  Drone  
  17  1:19  Extractor  
  17  1:22  Drone  
  17  1:29  Overlord  
  17  1:38  Drone  
  18  1:49  Drone  
  19  1:57  Queen  
  19  1:59  Drone  
  22  2:05  Lair  
  22  2:17  Overlord  
  22  2:35  Drone  
  23  2:48  Drone  
  24  3:00  Drone  
  24  3:05  Spire  
  24  3:12  Drone  
  25  3:25  Drone  
  26  3:37  Drone  
  27  3:44  Drone  
  27  3:48  Drone  
  29  3:51  Drone  
  29  3:54  Overlord  
  30  4:05  Drone  
  31  4:12  Drone  
  31  4:13  Roach Warren  
  31  4:14  Drone  
  31  4:16  Mutalisk  
  32  4:21  Mutalisk  
  36  4:25  Evolution Chamber, Mutalisk  
  36  4:27  Drone  
  36  4:29  Mutalisk  
  40  4:33  Mutalisk  
  40  4:38  Mutalisk  
  44  4:48  Mutalisk  
  44  4:49  Overlord  
  46  5:00  Drone  
  46  5:01  Baneling Nest  
  46  5:02  Drone  
  46  5:18  Pneumatized Carapace  
  46  6:21  Corruptor  
  46  6:22  Queen, Drone  
  46  6:23  Extractor, Overlord, Drone x4, Zerg Flyer Weapons Level 1  
  46  6:24  Drone x5  
  46  6:25  Drone, Spore Crawler  
  60  6:27  Spore Crawler  
  60  6:30  Spore Crawler  
  60  6:32  Drone, Spore Crawler  
  57  6:34  Evolution Chamber  
  57  6:35  Drone  
  57  6:36  Extractor  
  50  6:43  Drone  
  50  6:46  Drone, Mutalisk  
  52  6:47  Drone x2  
  54  6:54  Drone  
  54  6:56  Drone  
  56  7:05  Drone  
  56  7:07  Drone  
  58  7:12  Spine Crawler  
  57  7:16  Drone  
  57  7:17  Spine Crawler  
  57  7:18  Overlord, Drone x2, Mutalisk  
  61  7:28  Drone  
  61  7:29  Drone  
  63  7:34  Spine Crawler  
  62  7:38  Drone, Spine Crawler  
  62  7:39  Drone  
  63  7:46  Overlord, Mutalisk  
  63  7:47  Drone  
  63  7:50  Drone x2  
  68  8:00  Drone x2, Mutalisk  
  68  8:04  Queen, Overlord, Overseer, Drone  
  75  8:11  Drone  
  76  8:13  Drone  
  76  8:14  Mutalisk  
  76  8:15  Overseer, Drone  
  76  8:17  Zerg Flyer Armor Level 1  
  80  8:23  Overlord  
  80  8:24  Drone, Hydralisk Den  
  80  8:25  Corruptor  
  82  8:27  Infestation Pit  
  81  9:06  Hive  
  81  9:52  Mutalisk  
  69  10:03  Mutalisk  
  69  10:05  Overlord  
  65  10:13  Hydralisk  
  65  10:14  Zergling x2  
  65  10:16  Zergling x2  
  65  10:17  Zergling x2  
  65  10:18  Hydralisk, Zergling x2  
  65  10:19  Zergling x2  
  65  10:20  Zergling x2, Viper  
  66  10:21  Drone  
  66  10:22  Drone  
  66  10:23  Queen, Drone x3  
  66  10:24  Drone  
  60  10:34  Hydralisk  
  62  10:37  Hatchery  
  62  10:38  Drone x2  
  62  10:40  Hydralisk  
  57  10:44  Zergling x2  
  54  10:54  Hydralisk  
  36  11:05  Zergling x2  
  36  11:07  Drone x2, Zergling x2  
    11:48  Drone  
  1  11:59  Drone  
  2  12:07  Extractor  
  1  12:10  Overlord  
Tags
 
Add a new tag
Caveats
  • Supply blocks, unpowered buildings, or Contaminate may cause inaccurate times.
  • Supply counts are checked every 10 seconds.